AoeStats
← [HOBO]Bindlestick

Arena

507871469Analyzed
3v3 RM · 13d ago on Sep 20, 2026· 58m 10s· 6 players
Game mode
Random Map
Map size
Normal (6 player)
Population
200
Speed
Normal
Resources
Standard
Victory
Conquest
Starting age
Dark Age
Ending age
Imperial Age
RankedLock teamsTeams togetherTeam positionsShared explorationLock speedFull tech treeHidden civsTurbo modeCheats
Victory
Defeat
🇲🇽 Armenians · Mexico
1210
+13
🇲🇽 Malay · Mexico
1203
+14
🇲🇽 Cumans · Mexico
1042
+20
🇺🇸 Malians · United States
1189
-18
🇺🇸 Bohemians · United States
1137
-15
🇺🇸 Spanish · United States
1109
-14
Tiiiian
11:07 Feudal Age
14:27 Castle Age
16:00 Loom
19:02 Horse Collar
20:27 Double-Bit Axe
22:35 Bow Saw
23:12 Heavy Plow
23:49 Wheelbarrow
23:36 Gold Mining
23:38 Stone Mining
25:39 Gold Shaft Mining
25:09 Fletching
25:58 Bodkin Arrow
29:21 Imperial Age
26:29 Crossbowman
27:05 Town Watch
27:22 Padded Archer Armor
28:38 Ballistics
30:32 Chemistry
29:57 Thumb Ring
30:29 Bracer
30:34 Man-at-Arms
31:15 Squires
31:39 Arbalester
32:56 Forced Levy
33:46 Forging
33:00 Long Swordsman
34:23 Crop Rotation
35:27 Caravan
36:18 Two-Handed Swordsman
37:20 Arson
38:11 Iron Casting
38:12 Sappers
39:03 Conscription
40:05 Blast Furnace
39:21 Leather Archer Armor
41:53 Hand Cart
42:30 Ring Archer Armor
48:33 Masonry
Tenamaxtli
7:00 Loom
9:33 Feudal Age
11:11 Scale Mail Armor
11:49 Double-Bit Axe
11:46 Horse Collar
12:33 Man-at-Arms
13:27 Long Swordsman
22:25 Wheelbarrow
24:13 Fletching
26:43 Castle Age
47:25 Bodkin Arrow
49:06 Ballistics
48:51 Padded Archer Armor
50:12 Leather Archer Armor
55:10 Imperial Age
56:00 Bracer
56:44 Ring Archer Armor
Carlos
11:50 Feudal Age
12:32 Double-Bit Axe
18:22 Loom
22:13 Wheelbarrow
24:22 Castle Age
24:06 Horse Collar
24:19 Gold Mining
24:27 Fletching
24:50 Forging
24:46 Scale Barding Armor
25:38 Bow Saw
27:45 Hand Cart
28:15 Fletching
28:26 Padded Archer Armor
31:13 Elite Skirmisher
31:57 Bodkin Arrow
32:48 Gold Shaft Mining
33:30 Steppe Husbandry
34:41 Leather Archer Armor
33:50 Elite Skirmisher
35:31 Heavy Plow
41:14 Imperial Age
39:24 Ballistics
39:12 Murder Holes
40:16 Iron Casting
40:53 Stone Mining
40:29 Pikeman
41:10 Squires
41:24 Town Watch
43:09 Chemistry
43:09 Cuman Mercenaries
44:03 Elite Steppe Lancer
45:42 Ring Archer Armor
46:46 Capped Ram
48:43 Siege Ram
51:02 Crop Rotation
51:37 Two-Man Saw
51:41 Blast Furnace
51:02 Chain Barding Armor
Enjoyablekandy
11:04 Feudal Age
14:58 Castle Age
13:13 Double-Bit Axe
13:56 Horse Collar
15:36 Loom
18:33 Loom
21:59 Pikeman
26:14 Scale Mail Armor
27:31 Forging
29:31 Wheelbarrow
29:19 Gold Mining
29:20 Stone Mining
29:19 Town Watch
29:50 Heavy Plow
30:06 Bow Saw
31:16 Chain Mail Armor
32:23 Hand Cart
35:02 Imperial Age
33:22 Iron Casting
33:02 Squires
32:48 Arson
33:11 Man-at-Arms
33:44 Fletching
33:55 Padded Archer Armor
34:58 Gold Shaft Mining
34:00 Elite Skirmisher
34:46 Thumb Ring
34:47 Bodkin Arrow
35:33 Fortified Wall
36:15 Stone Shaft Mining
35:16 Long Swordsman
36:34 Leather Archer Armor
37:00 Ballistics
38:19 Ring Archer Armor
38:19 Plate Mail Armor
37:15 Two-Handed Swordsman
38:27 Champion
40:32 Conscription
41:34 Crop Rotation
47:02 Elite Gbeto
48:02 Elite Gbeto
52:47 Tigui
52:43 Treadmill Crane
53:14 Masonry
Akkilles
5:12 Loom
11:23 Feudal Age
11:52 Double-Bit Axe
17:42 Castle Age
15:30 Horse Collar
16:21 Stone Mining
17:41 Forging
19:14 Scale Barding Armor
19:16 Gold Mining
25:17 Wheelbarrow
24:54 Fletching
25:46 Bloodlines
30:23 Chain Barding Armor
30:42 Iron Casting
30:50 Husbandry
31:19 Bow Saw
33:07 Heavy Plow
42:02 Hand Cart
44:52 Imperial Age
42:12 Town Watch
45:12 Cavalier
46:16 Conscription
47:04 Blast Furnace
46:44 Plate Barding Armor
49:14 Bodkin Arrow
52:19 Blast Furnace
54:11 Fortified Wall
54:31 Masonry
[HOBO]Bindlestick
11:15 Feudal Age
16:10 Castle Age
17:13 Double-Bit Axe
17:08 Horse Collar
Connection lost

Rejoining the realm…

Still unreachable

The connection could not be restored.

Session expired

The server has moved on; the page needs a fresh start.